 Dungeon Crawl Stone Soup version 0.27.1-34-g3ba077fa99 (webtiles) character file.

Game seed: 5874044829218269603

144 comborobin the Covert (level 5, -6/31 HPs)
             Began as a Vampire Delver on Jan 6, 2022.
             Mangled by a gnoll (11 damage)
             ... on level 2 of the Dungeon.
             The game lasted 00:03:41 (2588 turns).

comborobin the Covert (Vampire Delver)              Turns: 2588, Time: 00:03:42

Health: -6/31      AC:  3    Str:  9 (12) XL:     5   Next: 5%
Magic:  14/14      EV: 11    Int:  8 (12) God:
Gold:   79         SH:  0    Dex: 13 (16) Spells: 4/4 levels left

rFire    . . .     SeeInvis +   s - +4 hand axe (vorpal)
rCold    . . .     Faith    .   (no shield)
rNeg     . . .     Spirit   .   b - +0 leather armour
rPois    .         Reflect  .   (no helmet)
rElec    .         Harm     .   (no cloak)
rCorr    .         Rampage  .   (no gloves)
Will     .....                  (no boots)
Stlth    ++++......             (no amulet)
HPRegen  0.30/turn              e - ring of magical power
MPRegen  0.14/turn              (no ring)

@: healing quickly
A: alive, fangs 3, see invisible, vampiric 2, [frail 2]
a: Exsanguinate


You were on level 2 of the Dungeon.
You visited 1 branch of the dungeon, and saw 6 of its levels.

You collected 79 gold pieces.

Inventory:

Hand Weapons
 a - a +2 short sword of freezing
 h - a +0 short sword
 s - a +4 vorpal hand axe (weapon)
Missiles
 n - 5 poisoned darts (quivered)
Armour
 b - a +0 leather armour (worn)
Magical Staves
 d - a staff of earth
Jewellery
 e - a ring of magical power (left hand)
 r - a ring of fire
Wands
 g - a wand of digging (3)
 o - a wand of polymorph (6)
Scrolls
 c - 2 scrolls of fog
 f - 2 scrolls of fear
 i - a scroll of immolation {unknown}
 k - a scroll of enchant armour {unknown}
 m - a scroll of identify {unknown}
 q - a scroll of teleportation {unknown}
Potions
 j - a potion of heal wounds {unknown}
 l - 2 potions of curing {unknown}
 p - 2 potions of mutation {unknown}
 t - a potion of ambrosia {unknown}
 u - a potion of haste


   Skills:
 - Level 2.6 Fighting
 + Level 4.3 Short Blades
 - Level 2.1 Dodging
 + Level 9.1 Stealth


You had 4 spell levels left.
You didn't know any spells.
Your spell library contained the following spells:

 Spells                   Type           Power      Damage    Failure   Level
 Magic Dart               Conj           0%         1d3       52%         1
 Searing Ray              Conj           0%         3d3       67%         2
 Fulminant Prism          Conj/Hex       0%         3d6       99%         4


Dungeon Overview and Level Annotations

Branches:
Dungeon (6/15)
 Temple: D:4-7

Altars:
Ashenzari
Trog
Yredelemnul

Shops:
D:1 [

Annotations:
D:3 1 transporter


Innate Abilities, Weirdness & Mutations

Your natural rate of healing is accelerated.
You have razor-sharp teeth.
You have supernaturally acute eyesight. (SInv)
You are afflicted with vampirism and can become a bat while bloodless.
[You are very frail. (-20% HP)]


Message History

No target in view!
No target in view!
No target in view!
No target in view!
No target in view!
No target in view!
No target in view!
No target in view!
No target in view!
You now have 79 gold pieces (gained 1).
An adder is nearby!
An adder is nearby!
No target in view!
A quokka is nearby!
A quokka is nearby!
A quokka is nearby!
You hit the quokka.
The quokka is severely wounded.
The quokka bites you but does no damage.
You hit the quokka.
You kill the quokka!
A gnoll comes into view. It is wielding a +0 spear.
A gnoll is nearby!
A gnoll is nearby!
The gnoll shouts!
You hear a shout! x2
A gnoll comes into view. It is wielding a +0 flail.
A gnoll comes into view. It is wielding a +0 club.
The gnoll completely misses you.
There are monsters nearby!
The gnoll closely misses you. The gnoll hits you with a +0 flail.
You slash the gnoll!
The gnoll is severely wounded.
The gnoll hits you from afar with a +0 spear.
You hit the gnoll. Your bite misses the gnoll.
The gnoll is almost dead.
The gnoll hits you from afar with a +0 spear!
The gnoll hits you with a +0 flail!
* * * LOW HITPOINT WARNING * * *
The gnoll closely misses you. The gnoll hits you with a +0 flail!
You die...

......##...#.........#...#...#
..... #.###...........#...#..
#...#..............##.#..#...#
#.. #.##.##.##.#...##.###..#..
## # #.# ##.###....# ###..#
... #.###.#### ###. #.#
#.....# # ..# ##.....# ...
#@...#.# #gg#.....#
#..g#.#...## ###..#....# ##.
..#.# # .###.# .#


You could see 3 gnolls.

Vanquished Creatures
  A bullfrog skeleton (D:3)
  Ijyb (D:3)
  2 adders
  2 dart slugs (D:1)
  An orc (D:3)
  11 ball pythons
  4 bats (D:1)
  5 endoplasms
  2 giant cockroaches
  14 goblins
  6 hobgoblins
  3 quokkas
  A frilled lizard (D:1)
  7 kobolds
60 creatures vanquished.

Notes
Turn   | Place    | Note
-------+----------+-------------------------------------------
     0 | D:5      | comborobin the Vampire Delver began the quest for the Orb.
     0 | D:5      | Reached XP level 1. HP: 17/17 MP: 1/1
     6 | D:6      | Noticed a necrophage
    18 | D:5      | Found a basalt altar of Yredelemnul.
    24 | D:5      | Noticed a water moccasin zombie
    47 | D:5      | Found a broken altar of Ashenzari.
   744 | D:3      | Reached XP level 2. HP: 18/18 MP: 2/2
   961 | D:3      | Reached skill level 8 in Stealth
   961 | D:3      | Gained mutation: You are afflicted with vampirism and can
                  | become a bat while bloodless. [Vampire growth]
   961 | D:3      | Reached XP level 3. HP: 22/22 MP: 3/3
   963 | D:3      | Noticed Ijyb
   967 | D:3      | Killed Ijyb
   968 | D:3      | Reached XP level 4. HP: 27/27 MP: 4/4
   984 | D:3      | Found a bloodstained altar of Trog.
  1013 | D:3      | Found a transporter.
  1390 | D:2      | HP: 1/27 [adder (4)]
  1426 | D:1      | Found Cugoos's Armour Shop.
  2168 | D:1      | Found a faded altar of an unknown god.
  2183 | D:1      | Reached skill level 9 in Stealth
  2432 | D:2      | Reached XP level 5. HP: 18/31 MP: 5/5
  2588 | D:2      | Mangled by a gnoll

Illustrated notes

Levels and vault maps discovered:
D:1:      minmay_arrival_cross, layout_rooms,
          ebering_ecumenical_altar_sacrificial, serial_shops, shop
D:2:      cheibrodos_greedy_goblins, layout_loops_ring, hex_large,
          grunt_decor_one_mirror, eino_tiny_chamber, minmay_octomino_j4
D:3:      gammafunk_wand_slinger, layout_rooms, nicolae_overflow_crystal_walls,
          roderic_lattice_a, uniq_ijyb
D:4:      layout_gridville, nicolae_vehumet_altar_sigil,
          mainiacjoe_overflow_surrounded_room, mainiacjoe_overflow_paths
D:5:      kennysheep_slugbush, layout_rooms, kennysheep_mini_moat,
          kennysheep_little_box, amcnicky_altar_gilded, doesnt_xom_only_xom,
          gammafunk_ghost_grave
D:6:      layout_basic, nicolae_gozag_seed_capital,
          minmay_temple_entry_glassed_door, fountainhead, centaur_isle

Skill      XL: |  1  2  3  4 |
---------------+-------------+-----
Short Blades   | 3 4 |  4.3
Stealth        | 8 9 |  9.1
Fighting       | |  2.6
Dodging        | |  2.1

Action                   |  1- 3 |  4- 6 || total
-------------------------+-------+-------++-------
Melee: Short sword       |    24 |    33 ||    57
       Bite              |     4 |     6 ||    10
       Hand axe          |       |    50 ||    50
       Unarmed           |       |     6 ||     6
 Abil: Exsanguinate      |     1 |     1 ||     2
       Bat Form          |       |     2 ||     2
       Revivify          |       |     2 ||     2
       End Transformatio |       |     1 ||     1
  Use: Scroll            |     2 |       ||     2
       Potion            |     1 |       ||     1
 Stab: Sleeping          |     8 |    11 ||    19
Armor: Leather armour    |     9 |    15 ||    24
Dodge: Dodged            |    12 |    68 ||    80
